 Dungeon Crawl Stone Soup version 0.21.1-1-g345015f (webtiles) character file.

1004 nicolaieve the Cleaver (level 8, -5/69 HPs)
             Began as a Minotaur Berserker on June 30, 2018.
             Was a Priest of Trog.
             Blown up by Ijyb (13 damage)
             ... with a wand of disintegration (9)
             ... on level 5 of the Dungeon.
             The game lasted 00:14:13 (4145 turns).

nicolaieve the Cleaver (Minotaur Berserker)         Turns: 4145, Time: 00:14:14

Health: -5/69      AC: 12    Str: 24    XL:     8   Next: 0%
Magic:  7/7        EV:  7    Int:  4    God:    Trog [***...]
Gold:   313        SH:  0    Dex: 10    Spells: 7/7 levels left

rFire    . . .     SeeInvis .   a - +0 hand axe
rCold    . . .     Gourm    .   (no shield)
rNeg     . . .     Faith    .   v - +0 plate armour
rPois    .         Spirit   .   (helmet restricted)
rElec    .         Reflect  .   (no cloak)
rCorr    +         Harm     .   (no gloves)
MR       .....                  (no boots)
Stlth    ..........             (no amulet)
HPRegen  0.21/turn              n - ring of resist corrosion
MPRegen  0.10/turn              p - ring of stealth

@: berserk cooldown, slowed, very slow
A: retaliatory headbutt, horns 2
a: Berserk, Trog's Hand, Burn Spellbooks, Renounce Religion


You were on level 5 of the Dungeon.
You worshipped Trog.
Trog was most pleased with you.
You were not hungry.

You visited 1 branch of the dungeon, and saw 5 of its levels.

You collected 313 gold pieces.

Inventory:

Hand Weapons
 a - a +0 hand axe (weapon)
 j - a +1 whip of electrocution
Armour
 b - a +0 animal skin
 f - a +0 ring mail
 o - a +1 scale mail
 v - a +0 plate armour (worn)
Jewellery
 n - a ring of resist corrosion (left hand)
 p - a ring of stealth (right hand)
 w - a cursed ring of teleportation {unknown}
 x - an uncursed amulet of the gourmand {unknown}
Scrolls
 d - 2 scrolls of teleportation {unknown}
 e - 2 scrolls of enchant armour
 g - a scroll of amnesia
 k - 3 scrolls of identify
 m - 6 scrolls of enchant weapon {unknown}
 s - 2 scrolls of blinking {unknown}
 t - a scroll of remove curse
Potions
 h - 2 potions of haste
 i - a potion of flight {unknown}
 l - a potion of degeneration {unknown}
 r - a potion of curing {unknown}
 u - a potion of invisibility {unknown}
 z - a potion of lignification {unknown}
Comestibles
 c - 12 rations
 q - a chunk of flesh


   Skills:
 + Level 5.4 Fighting
 * Level 9.4 Axes
 + Level 5.9 Armour
 - Level 2.1 Dodging


You had 7 spell levels left.
You didn't know any spells.

Dungeon Overview and Level Annotations

Branches:
Dungeon (5/15)
 Temple: D:4-7

Altars:
Vehumet

Annotations:
D:5 Ijyb


Innate Abilities, Weirdness & Mutations

You reflexively headbutt those who attack you in melee.
You have a pair of horns on your head.


Message History

Ijyb grins evilly.
Ijyb zaps a wand.
You are blasted!
* * * LOW HITPOINT WARNING * * *
Found a fizzy pink potion.
Unknown command.
Unknown command.
Okay, then.
Okay, then.
You closely miss Ijyb. Ijyb completely misses you.
Unknown command.
You hit Ijyb but do no damage. Your headbutt misses Ijyb.
Ijyb completely misses you. Ijyb hits you but does no damage.
You hit Ijyb but do no damage. Ijyb barely misses you.
You hit Ijyb but do no damage. Ijyb hits you but does no damage.
You hit Ijyb but do no damage. Your headbutt misses Ijyb.
Ijyb hits you but does no damage.
You closely miss Ijyb. You headbutt Ijyb!
Ijyb is moderately wounded.
Ijyb zaps a wand.
You are blasted!
You die...

#................
#................
#................
#..............!.
#................
#................
#........g.......
#........@.......
#................
#................
#................
#................
#................
#................
#................
#..รท.........


You could see Ijyb.

Vanquished Creatures
  The ghost of sking99 the Ducker, a novice DEWz of Vehumet (D:5)
  The ghost of sefi the Vandal, an amateur HaHu (D:3)
  2 phantoms (D:4)
  An orc warrior (D:4)
  A crimson imp (D:5)
  A hound (D:4)
  An orc wizard (D:4)
  2 orc priests (D:4)
  2 worker ants (D:4)
  4 adders
  7 gnolls
  3 worms
  2 dart slugs
  5 leopard geckos
  7 orcs (D:4)
  4 giant cockroaches
  11 goblins
  7 hobgoblins
  4 jackals (D:2)
  11 kobolds
  2 ball pythons
  14 bats
  6 frilled lizards
  A leopard gecko skeleton (D:4)
  7 rats
107 creatures vanquished.

Notes
Turn   | Place    | Note
-------+----------+-------------------------------------------
     0 | D:1      | nicolaieve the Minotaur Berserker began the quest for the Orb.
     0 | D:1      | Reached XP level 1. HP: 19/19 MP: 0/0
   178 | D:1      | Reached skill level 4 in Axes
   190 | D:1      | Reached XP level 2. HP: 26/27 MP: 1/1
   360 | D:1      | Reached ** piety under Trog
   390 | D:1      | Reached XP level 3. HP: 25/33 MP: 2/2
   954 | D:2      | Reached skill level 5 in Axes
   956 | D:2      | Reached XP level 4. HP: 41/41 MP: 3/3
  1606 | D:2      | Reached *** piety under Trog
  1735 | D:2      | Found a radiant altar of Vehumet.
  2196 | D:3      | Reached XP level 5. HP: 47/47 MP: 4/4
  2333 | D:3      | You fall through a shaft!
  2448 | D:3      | Noticed sefi's ghost (amateur HaHu)
  2473 | D:3      | Killed sefi's ghost
  2473 | D:3      | Reached skill level 6 in Axes
  3482 | D:4      | Reached XP level 6. HP: 49/53 MP: 5/5
  3515 | D:4      | Reached skill level 7 in Axes
  3731 | D:4      | Noticed an orc warrior
  3733 | D:4      | Reached XP level 7. HP: 60/60 MP: 6/6
  3735 | D:4      | Reached skill level 5 in Fighting
  3735 | D:4      | Reached skill level 8 in Axes
  3735 | D:4      | Reached skill level 5 in Armour
  4107 | D:5      | Entered Level 5 of the Dungeon
  4107 | D:5      | Noticed sking99's ghost (novice DEWz)
  4115 | D:5      | Killed sking99's ghost
  4115 | D:5      | Reached skill level 9 in Axes
  4133 | D:5      | Reached XP level 8. HP: 65/69 MP: 7/7
  4134 | D:5      | Noticed Ijyb
  4145 | D:5      | Blown up by Ijyb

Skill      XL: |  1  2  3  4  5  6  7 |
---------------+----------------------+-----
Axes           | 4 5 6 7 9 |  9.4
Fighting       | 4 5 |  5.4
Armour         | 3 4 5 |  5.9
Dodging        | |  2.1

Action                   |  1- 3 |  4- 6 |  7- 9 || total
-------------------------+-------+-------+-------++-------
Melee: Hand axe          |    86 |   162 |    35 ||   283
       Headbutt          |    11 |    25 |     8 ||    44
Invok: Berserk           |     1 |     5 |     1 ||     7
       Trog's Hand       |       |     1 |       ||     1
  Use: Scroll            |     4 |       |       ||     4
 Stab: Sleeping          |     1 |       |       ||     1
  Eat: Chunk             |       |    10 |     3 ||    13
       Ration            |       |     1 |       ||     1
Armor: Ring mail         |    40 |       |       ||    40
       Animal skin       |     1 |       |       ||     1
       Scale mail        |     3 |    47 |       ||    50
       Plate armour      |       |    23 |    13 ||    36
Dodge: Dodged            |    56 |    83 |    11 ||   150
